Map: Winter's Gate LE

Players

DnS - Winner!

  • Race: Protoss Protoss
  • Spawn Location: 5:00

Bly

  • Race: Zerg Zerg
  • Spawn Location: 11:00

VOD

Have the link to the VOD?

Description

Time

  • Played on: Sept. 6, 2019, 3:51 p.m.
  • Length: 9:24
Show
View Real Time Build Order
Export as new Build Order

DnS Protoss - Winner!

Build Orders: 1 Gate Expand, Oracle Opening, Phoenix Opening, Zealot Archon 

Get SALT Encoding   

  12  0:00  Probe  
  13  0:12  Probe  
  14  0:17  Pylon  
  14  0:24  Probe  
  15  0:32  Probe  
  15  0:40  Gateway, Probe  
  16  0:47  Assimilator  
  17  0:51  Probe  
  18  1:03  Probe  
  19  1:15  Probe  
  20  1:26  Nexus  
  20  1:35  Cybernetics Core  
  20  1:38  Probe  
  21  1:41  Assimilator  
  21  1:50  Probe  
  21  1:53  Pylon  
  22  2:01  Adept  
  22  2:02  Probe  
  23  2:14  Probe  
  26  2:15  Stargate  
  26  2:21  Adept  
  26  2:25  Warp Gate  
  26  2:26  Probe  
  27  2:34  Probe  
  29  2:38  Probe  
  29  2:42  Probe  
  31  2:50  Probe  
  33  2:52  Probe  
  34  3:00  Phoenix  
  34  3:03  Probe  
  34  3:04  Probe  
  38  3:15  Probe  
  38  3:16  Probe  
  38  3:18  Oracle  
  40  3:21  Pylon  
  44  3:27  Probe  
  44  3:28  Probe  
  44  3:30  Gateway  
  44  3:34  Assimilator  
  44  3:38  Assimilator  
  44  3:39  Probe  
  44  3:40  Probe  
  46  3:49  Robotics Facility  
  46  3:51  Probe x2  
  48  3:59  Probe  
  48  4:00  Twilight Council  
  48  4:03  Probe  
  50  4:12  Zealot  
  50  4:16  Probe x2  
  54  4:22  Oracle  
  54  4:26  Gateway  
  54  4:29  Gateway, Zealot  
  50  4:31  Gateway  
  50  4:36  Adept  
  53  4:42  Gateway  
  53  4:49  Pylon  
  53  4:50  Pylon  
  53  4:56  Pylon  
  53  4:59  Oracle  
  53  5:04  Gateway  
  53  5:05  Pylon  
  56  5:15  Gateway  
  56  5:16  Pylon, Probe  
  56  5:17  Probe  
  56  5:18  Pylon  
  56  5:19  Adept  
  60  5:28  Pylon, Sentry  
  60  5:32  Immortal  
  62  5:36  Probe  
  62  5:40  Pylon  
  67  5:48  Oracle  
  67  5:49  Zealot  
  72  5:54  Cybernetics Core, Charge  
  72  5:55  Pylon  
  72  5:58  Zealot  
  74  6:05  Immortal  
  74  6:08  Pylon  
  78  6:18  Gateway  
  78  6:28  Gateway x2  
  78  6:29  Gateway  
  78  6:30  Gateway  
  78  6:33  Sentry x2  
  78  6:34  Immortal  
  80  7:00  Sentry x3  
  86  7:01  Warp Prism  
  86  7:04  Pylon  
  86  7:05  Pylon  
  86  7:06  Gateway  
  88  7:16  Templar Archives  
  88  7:20  Zealot  
  90  7:24  Zealot x3  
  96  7:32  Pylon  
  96  7:53  High Templar x4  
  96  7:54  Zealot x4  
  96  7:57  Archon  
  96  7:58  Archon  
  112  8:01  Zealot  
  112  8:04  Pylon  
  114  8:16  Zealot  
  114  8:17  Zealot  
  118  8:22  Pylon, Zealot x3  
  120  8:33  Zealot x4  
  98  8:51  Zealot  
  98  8:52  Zealot x4  
  98  8:55  High Templar x4  
  112  8:59  Archon  
  112  9:00  Archon  
  114  9:23  Zealot x2  
  114  9:24  Zealot x3  
Show
View Real Time Build Order
Export as new Build Order

Bly Zerg 

Build Orders: Hatch First 

Get SALT Encoding   

  12  0:01  Drone  
  13  0:12  Overlord  
  13  0:17  Drone  
  14  0:31  Drone  
  14  0:32  Drone  
  16  0:48  Hatchery  
  15  0:51  Drone  
  15  0:54  Drone  
  17  0:58  Drone  
  18  1:10  Extractor  
  17  1:15  Spawning Pool  
  17  1:16  Drone  
  17  1:20  Drone  
  18  1:28  Drone  
  19  1:39  Drone  
  20  1:49  Overlord  
  20  2:01  Queen x2  
  20  2:02  Zergling x4  
  26  2:11  Drone x2  
  26  2:15  Metabolic Boost  
  28  2:30  Hatchery  
  28  2:32  Drone  
  28  2:41  Drone x3  
  31  2:48  Baneling Nest  
  30  2:54  Zergling x6  
  32  3:01  Overlord  
  31  3:13  Zergling x4  
  31  3:14  Zergling x4  
  35  3:22  Zergling x10  
  40  3:37  Queen  
  40  3:38  Drone  
  40  3:39  Drone  
  44  3:43  Overlord  
  44  3:44  Overlord  
  44  3:57  Baneling x4  
  44  4:01  Overlord  
  44  4:03  Spore Crawler  
  43  4:12  Overlord  
  43  4:13  Zergling x14  
  43  4:16  Baneling  
  47  4:36  Baneling  
  46  4:41  Zergling x16  
  53  4:51  Baneling  
  51  4:54  Drone x7  
  56  5:10  Drone x5  
  59  5:15  Drone x5  
  64  5:24  Drone  
  64  5:27  Drone x2  
  64  5:31  Overlord  
  64  5:35  Spore Crawler  
  64  5:36  Spore Crawler  
  64  5:39  Drone x5  
  66  5:46  Drone x4  
  66  5:47  Queen  
  66  5:49  Queen  
  72  6:05  Baneling  
  72  6:06  Baneling x6  
  72  6:07  Zergling x12  
  72  6:08  Zergling x6  
  72  6:09  Overlord  
  81  6:13  Extractor  
  81  6:15  Overlord  
  80  6:27  Overlord  
  80  6:28  Zergling x12  
  86  6:34  Lair  
  86  6:35  Overlord  
  83  6:43  Drone x6  
  83  6:45  Roach Warren  
  83  6:46  Extractor  
  82  6:47  Extractor  
  82  6:52  Drone x2  
  77  6:59  Drone  
  78  7:08  Drone x11, Hatchery  
  88  7:18  Drone  
  88  7:19  Drone x2  
  91  7:25  Overlord  
  89  7:31  Roach x4  
  89  7:36  Extractor x2, Roach  
  89  7:37  Spine Crawler, Roach  
  99  7:38  Spine Crawler  
  96  7:46  Roach x5  
  96  7:47  Spine Crawler  
  103  7:53  Ravager x4  
  103  7:54  Zergling x10  
  112  8:01  Ravager  
  113  8:06  Overlord x2  
  113  8:08  Overlord  
  113  8:10  Baneling Nest  
  111  8:17  Roach  
  111  8:18  Overlord x3  
  111  8:33  Roach x3  
  111  8:34  Roach x5  
  109  8:38  Roach x4  
  102  8:41  Roach x2  
  102  8:44  Roach  
  102  8:47  Roach  
  92  8:52  Roach x2  
  92  8:55  Zergling x2  
  79  8:59  Ravager x2  
  79  9:00  Zergling x2  
  79  9:01  Zergling x2  
Tags
 
Add a new tag
Caveats
  • Supply blocks, unpowered buildings, or Contaminate may cause inaccurate times.
  • Supply counts are checked every 10 seconds.